 Dungeon Crawl Stone Soup version 0.22-a0-570-g58866f5 (webtiles) character file.

136 kae the Insei (level 4, 0/33 HPs)
             Began as a Demonspawn Transmuter on June 30, 2018.
             Slain by an adder (4 damage)
             ... on level 3 of the Dungeon.
             The game lasted 00:02:25 (3416 turns).

kae the Insei (Demonspawn Transmuter)               Turns: 3416, Time: 00:02:26

Health: 0/33       AC:  3    Str: 10    XL:     4   Next: 98%
Magic:  1/7        EV: 12    Int: 15    God:
Gold:   143        SH:  0    Dex: 14    Spells: 2/8 levels left

rFire    . . .     SeeInvis .     - Unarmed
rCold    . . .     Gourm    .   (no shield)
rNeg     . . .     Faith    .   b - +0 robe
rPois    .         Spirit   .   (no helmet)
rElec    .         Reflect  .   (no cloak)
rCorr    .         Harm     .   (no gloves)
MR       .....                  (no boots)
Stlth    +.........             (no amulet)
HPRegen  0.11/turn              (no ring)
MPRegen  0.10/turn              (no ring)

@: lethally poisoned (0 -> -9), very slightly contaminated
A: talons 1, rugged brown scales 1
a: no special abilities


You were on level 3 of the Dungeon.
You were not hungry.

You visited 1 branch of the dungeon, and saw 4 of its levels.

You collected 143 gold pieces.

Inventory:

Missiles
 a - 24 arrows
Armour
 b - a +0 robe (worn)
Jewellery
 f - an uncursed amulet of faith
 g - a cursed ring of teleportation {unknown}
 n - an uncursed amulet of magic regeneration {unknown}
 o - a cursed ring of loudness {unknown}
 q - a cursed ring of loudness {unknown}
Scrolls
 h - 4 scrolls of remove curse {unknown}
 j - a scroll of fear {unknown}
 k - 2 scrolls of teleportation {unknown}
 l - 3 scrolls of identify {unknown}
 m - a scroll of amnesia {unknown}
 p - a scroll of blinking {unknown}
 s - a scroll of noise {unknown}
Potions
 c - 4 potions of heal wounds {unknown}
 e - 5 potions of flight {unknown}
 i - 2 potions of haste {unknown}
Comestibles
 d - 7 rations
 r - a chunk of flesh


   Skills:
 + Level 2.1 Fighting
 - Level 1.7 Dodging
 * Level 3.7 Unarmed Combat
 + Level 2.5 Spellcasting
 * Level 3.0 Transmutations


You had 2 spell levels left.
You knew the following spells:

 Your Spells              Type           Power        Failure   Level  Hunger
a - Beastly Appendage     Tmut           ##....       6%          1    #......
b - Sticks to Snakes      Tmut           ##......     9%          2    ###....
c - Spider Form           Tmut/Pois      #.........   34%         3    ###....

Your spell library contained the following spells:

 Spells                   Type           Power        Failure   Level  Hunger
 Blade Hands              Tmut           ##........   86%         5    ######.
 Ice Form                 Ice/Tmut       #.......     75%         4    #####..


Dungeon Overview and Level Annotations

Branches:
Dungeon (4/15)
 Temple: D:4-7

Altars:
Gozag
Wu Jian
The Shining One

Annotations:
D:4 Edmund


Innate Abilities, Weirdness & Mutations

You have sharp toenails.
You are partially covered in rugged brown scales. (AC +1, +3% HP)


Message History

The adder bites your ball python. x2
The adder closely misses your ball python.
Your ball python misses the adder.
Your ball python barely misses the adder.
You feel sick. The adder bites your ball python.
Your ball python dies!
Casting: Sticks to Snakes (safe; 9% risk of failure)
Confirm with . or Enter, or press ? or * to list all spells.
You don't have enough magic to cast that spell.
You closely miss the adder. Your kick misses the adder.
The adder is heavily wounded.
You feel sick. The adder bites you.
* * * LOW HITPOINT WARNING * * *
You are lethally poisoned!
The adder poisons you!
You hit the adder. Your kick misses the adder.
The adder is severely wounded.
* * * LOW HITPOINT WARNING * * *
You feel sick. The adder bites you.
You die...

.......# #.##.##.# .####.###
##.##..#(# ...##...###..###...#
##...##.....## #...# ####
.###.###...## #.#.##### #..#
.###....#..### #.#.....####..#
....###.#....###.#####...#...#
.##.......##.##..### ###...#.#
....##.....#>..S@..###...###.#
##....##....###.##.....#.###.#
##...##.#..###.##....##..##.#
####...#...........##..##.##.#
..##..........#.######.##.##.#
..##........#.....## #.^...#.###
.....#..###.....#..#####.......#
.####...######.)......####.....#
...##....# ##.......## ###.####


You could see an adder.

Vanquished Creatures
  5 adders
  4 oozes
  A worm (D:3)
  3 dart slugs (D:1)
  4 leopard geckos
  An orc (D:3)
  5 bats
  3 giant cockroaches
  8 goblins
  5 hobgoblins
  2 jackals (D:2)
  11 kobolds
  A quokka (D:3)
  A ball python (D:2)
  2 frilled lizards
  7 rats
63 creatures vanquished.

Vanquished Creatures (collateral kills)
  A rat (D:2)
1 creature vanquished.

Vanquished Creatures (others)
  A kobold (D:1)
1 creature vanquished.

Grand Total: 65 creatures vanquished

Notes
Turn   | Place    | Note
-------+----------+-------------------------------------------
     0 | D:1      | kae the Demonspawn Transmuter began the quest for the Orb.
     0 | D:1      | Reached XP level 1. HP: 15/15 MP: 3/3
   258 | D:1      | Gained mutation: You are partially covered in rugged brown scales. (AC +1, +3% HP) [demonic ancestry]
   258 | D:1      | Reached XP level 2. HP: 5/21 MP: 3/5
  1096 | D:1      | Reached XP level 3. HP: 15/26 MP: 6/6
  1504 | D:1      | Learned a level 2 spell: Sticks to Snakes
  1508 | D:1      | Learned a level 3 spell: Spider Form
  1949 | D:2      | Found a glowing golden altar of the Shining One.
  2281 | D:2      | Found a faded altar of an unknown god.
  2312 | D:2      | Gained mutation: You have sharp toenails. [demonic ancestry]
  2312 | D:2      | Reached XP level 4. HP: 13/33 MP: 1/7
  2871 | D:3      | Found an opulent altar of Gozag.
  2923 | D:3      | Found an ornate altar of the Wu Jian Council.
  3394 | D:4      | Noticed Edmund
  3416 | D:3      | Slain by an adder

Vault maps used:
D:1:      dpeg_arrival_rooms_c
D:2:      lemuel_crystal_altar, chequers_ecumenical_altar_island
D:3:      nicolae_overflow_crystal_walls, grunt_gozag_statues, first_ration
D:4:      lemuel_coloured_pillars_altar, serial_shops, nicolae_shop_stone,
          uniq_edmund, uniq_menkaure

Skill      XL: |  1  2  3  4 |
---------------+-------------+-----
Transmutations | 2 3 |  3.0
Unarmed Combat | 3 |  3.7
Fighting       | 2 |  2.1
Dodging        | |  1.7
Spellcasting   | |  2.5

Action                   |  1- 3 |  4- 6 || total
-------------------------+-------+-------++-------
Melee: Unarmed           |   146 |    62 ||   208
       Kick              |    11 |    17 ||    28
       Headbutt          |     3 |     5 ||     8
       Punch             |     1 |       ||     1
 Cast: Beastly Appendage |    17 |     4 ||    21
       Spider Form       |     2 |       ||     2
       Sticks to Snakes  |     1 |     5 ||     6
 Stab: Sleeping          |       |     1 ||     1
  Eat: Chunk             |     4 |     5 ||     9
Armor: Robe              |    27 |     5 ||    32
Dodge: Dodged            |   128 |    35 ||   163

Table legend:
 A = Spawn XP
 B = Non-spawn XP
 C = Spawn XP percentage of total XP
 D = Spawn monster count
 E = Non-spawn monster count
 F = Spawn count percentage of total count
 G = Total turns spent on level
                    A         B        C        D         E        F      G
               +---------+---------+-------+---------+---------+-------+---------
         Total |       0 |     195 |   0.0 |       0 |      64 |   0.0 |  3416
               +---------+---------+-------+---------+---------+-------+---------
           D:1 |       0 |      53 |   0.0 |       0 |      25 |   0.0 |  1527
           D:2 |       0 |     100 |   0.0 |       0 |      26 |   0.0 |  1344
           D:3 |       0 |      42 |   0.0 |       0 |      13 |   0.0 |   541
               +---------+---------+-------+---------+---------+-------+---------
